 Dungeon Crawl Stone Soup version 0.21.1-1-g345015fe64 (webtiles) character file.

92 DildoBatman the Magician (level 4, 0/35 HPs)
             Began as a Formicid Wizard on May 24, 2018.
             Slain by a ball python (1 damage)
             ... on level 3 of the Dungeon.
             The game lasted 00:10:05 (3425 turns).

DildoBatman the Magician (Formicid Wizard)          Turns: 3425, Time: 00:10:06

Health: 0/35       AC:  3    Str: 11    XL:     4   Next: 90%
Magic:  8/8        EV:  8    Int: 19    God:
Gold:   98         SH:  0    Dex:  9    Spells: 6/9 levels left

rFire    . . .     SeeInvis +   a - +0 quarterstaff
rCold    . . .     Gourm    .   (no shield)
rNeg     . . .     Faith    .   q - +0 leather armour
rPois    .         Spirit   .   (helmet unavailable)
rElec    .         Reflect  .   (no cloak)
rCorr    .         Harm     .   (no gloves)
MR       .....                  (no boots)
Stlth    +.........             (no amulet)
HPRegen  0.11/turn              (no ring)
MPRegen  0.11/turn              (no ring)

@: constricted, very slow
A: permanent stasis, dig shafts and tunnels, four strong arms, antennae 3
a: Dig, Shaft Self


You were on level 3 of the Dungeon.
You were hungry.

You visited 1 branch of the dungeon, and saw 3 of its levels.

You collected 98 gold pieces.

Inventory:

Hand Weapons
 a - a +0 quarterstaff (weapon)
Missiles
 h - 33 arrows
 n - 60 stones (quivered)
 o - 19 sling bullets
Armour
 q - a +0 leather armour (worn)
 w - a +0 ring mail
Scrolls
 c - 7 scrolls of identify {unknown}
 e - 2 scrolls of fog {unknown}
 g - a scroll of enchant weapon {unknown}
 i - 2 scrolls of immolation {unknown}
 j - 2 scrolls of teleportation {unknown}
 m - 3 scrolls of remove curse {unknown}
 u - a scroll of enchant armour {unknown}
Potions
 f - a potion of brilliance {unknown}
 k - a potion of might {unknown}
 l - a potion of heal wounds {unknown}
 p - a potion of curing {unknown}
 s - a potion of agility {unknown}
 t - a potion of mutation {unknown}
Books
 b - a book of Minor Magic

   Spells                             Type                      Level
   a - Magic Dart                     Conjuration                  1
   b - Blink                          Translocation                2
   c - Call Imp                       Summoning                    2
   d - Slow                           Hexes                        2
   e - Conjure Flame                  Conjuration/Fire             3
   f - Mephitic Cloud                 Conjuration/Poison/Air       3
Comestibles
 d - a chunk of flesh
 v - 5 rations


   Skills:
 - Level 3.0 Fighting
 * Level 1.9 Staves
 - Level 1.7 Dodging
 - Level 2.4 Stealth
 - Level 3.2 Spellcasting
 - Level 2.0 Conjurations
   Level 1.0 Summonings
   Level 0.8 Translocations


You had 6 spell levels left.
You knew the following spells:

 Your Spells              Type           Power        Failure   Level  Hunger
a - Slow                  Hex            #.......     30%         2    ##.....
c - Magic Dart            Conj           ##..         9%          1    None


Dungeon Overview and Level Annotations

Branches:
Dungeon (3/15)

Altars:
Dithmenos
Nemelex Xobeh
Okawaru
Trog

Portals:
Sewer: D:3

Annotations:
D:2 exclusion: hippogriff
D:3 exclusion: hornet, lrwvr's ghost, amateur DsGl


Innate Abilities, Weirdness & Mutations

You cannot be hasted, slowed, berserked, paralysed or teleported.
You can dig through walls and to a lower floor.
Your four strong arms can wield two-handed weapons with a shield.
You have a pair of large antennae on your head. (SInv)


Message History

The ball python bites you. The ball python constricts you.
The worm closely misses you. The rat closely misses you.
The ball python closely misses you. The hobgoblin hits you with a club.
Your unstable footing causes you to fumble your attack.
You hear the slow rusting of a drain.
The ball python closely misses you. The ball python constricts you.
The ball python bites you but does no damage.
The rat bites you. The worm bites you. The hobgoblin closely misses you.
The ball python bites you but does no damage.
The ball python constricts you.
It was a potion of haste.
Your stasis prevents you from being hasted.
The ball python bites you.
You die...

........# # #.#
#.##.#..##.# #.#
...........###.########
#.##.#..##.#..........#
#..g..................#
#.............#######.#
####..........#≈≈≈≈≈#.#
# #....###..r#S≈≈≈≈#.#
####....###..sKr@w≈≈#r#
..............#gS≈≈≈#.#
.#.#$...#.....#######.#
#.#.................s#
..............#.#....#
.#.#.#....#...##......#
.#.#..................#
# #..................#
#......#.#.##.###.##


You could see a worm, a river rat, a giant cockroach, a hobgoblin, 2 ball
pythons, a kobold and 2 rats.

Vanquished Creatures
  2 adders
  An ooze (D:2)
  4 worms (D:2)
  A leopard gecko (D:1)
  An orc (D:2)
  4 giant cockroaches
  4 goblins
  5 hobgoblins
  8 jackals
  6 kobolds
  10 bats
  A frilled lizard (D:2)
  5 rats
52 creatures vanquished.

Notes
Turn   | Place    | Note
-------+----------+-------------------------------------------
     0 | D:1      | DildoBatman the Formicid Wizard began the quest for the Orb.
     0 | D:1      | Reached XP level 1. HP: 13/13 MP: 4/4
    70 | D:1      | Reached skill level 1 in Conjurations
   322 | D:1      | Reached skill level 1 in Fighting
   322 | D:1      | Reached XP level 2. HP: 16/21 MP: 0/6
   376 | D:1      | Learned a level 2 spell: Slow
  1186 | D:1      | Reached XP level 3. HP: 25/27 MP: 0/7
  2232 | D:2      | Reached XP level 4. HP: 29/34 MP: 4/8
  2691 | D:2      | Noticed a hippogriff
  2706 | D:1      | Reached skill level 1 in Staves
  3041 | D:2      | Found a bloodstained altar of Trog.
  3228 | D:3      | Noticed a hornet
  3231 | D:3      | Found an iron altar of Okawaru.
  3261 | D:3      | Noticed lrwvr's ghost (amateur DsGl)
  3280 | D:3      | Found a shadowy altar of Dithmenos.
  3342 | D:3      | Found a sparkling altar of Nemelex Xobeh.
  3380 | D:3      | Found a glowing drain.
  3424 | D:3      | HP: 1/35 [ball python (1)]
  3425 | D:3      | Slain by a ball python

Skill      XL: |  1  2  3  4 |
---------------+-------------+-----
Conjurations   | 1 2 |  2.0
Fighting       | 1 2 3 |  3.0
Staves         | 1 |  1.9
Dodging        | |  1.7
Stealth        | |  2.4
Spellcasting   | |  3.2
Summonings     | |  1.0
Translocations | |  0.8

Action                   |  1- 3 |  4- 6 || total
-------------------------+-------+-------++-------
Melee: Unarmed           |    54 |       ||    54
       Quarterstaff      |       |    39 ||    39
 Cast: Magic Dart        |   110 |    38 ||   148
 Abil: Dig               |     3 |     7 ||    10
  Use: Potion            |       |     1 ||     1
  Eat: Chunk             |     4 |     5 ||     9
Armor: Robe              |    22 |       ||    22
       Leather armour    |       |    18 ||    18
Dodge: Dodged            |   116 |    52 ||   168
